 Dungeon Crawl Stone Soup version 0.24.0-1-gfbc8707 (webtiles) character file.

Game seed: 6312042117864371284, levelgen mode: deterministic

163 silenth the Cudgeler (level 5, -12/33 HPs)
             Began as a Gargoyle Gladiator on Oct 26, 2019.
             Mangled by an ogre
             ... wielding a +0 giant club
              (21 damage)
             ... on level 4 of the Dungeon.
             The game lasted 00:01:27 (1009 turns).

silenth the Cudgeler (Gargoyle Gladiator)           Turns: 1009, Time: 00:01:28

Health: -12/33     AC:  9    Str: 18    XL:     5   Next: 44%
Magic:  5/5        EV: 12    Int:  9    God:
Gold:   90         SH:  0    Dex: 11    Spells: 4/4 levels left

rFire    . . .     SeeInvis .   a - +0 flail
rCold    . . .     Gourm    .   (no shield)
rNeg     + . .     Faith    .   g - +0 troll leather armour
rPois    ∞         Spirit   .   c - +0 helmet
rElec    +         Reflect  .   (no cloak)
rCorr    .         Harm     .   (no gloves)
MR       .....                  (no boots)
Stlth    +.........             (no amulet)
HPRegen  0.51/turn              (no ring)
MPRegen  0.09/turn              (no ring)

@: no status effects
A: negative energy resistance 1, electricity resistance, unbreathing,
petrification resistance, rot immunity, AC +4
a: no special abilities


You were on level 4 of the Dungeon.
You were hungry.

You visited 1 branch of the dungeon, and saw 3 of its levels.

You collected 90 gold pieces.

Inventory:

Hand Weapons
 a - a +0 flail (weapon)
Armour
 b - a +0 leather armour
 c - a +0 helmet (worn)
 g - a +0 troll leather armour (worn)
Jewellery
 j - an uncursed ring of fire
Scrolls
 f - a scroll of remove curse {unknown}
 h - 3 scrolls of teleportation {unknown}
 i - a scroll of immolation {unknown}
 k - a scroll of blinking {unknown}
 l - a scroll of identify {unknown}
Potions
 m - a potion of heal wounds {unknown}
Comestibles
 e - a ration


   Skills:
 + Level 3.8 Fighting
 * Level 5.1 Maces & Flails
 - Level 1.7 Throwing
 - Level 2.4 Dodging


You had 4 spell levels left.
You didn't know any spells.
Your spell library contained the following spells:

 Spells                   Type           Power        Failure   Level  Hunger
 Magic Dart               Conj           #...         43%         1    ##.....
 Searing Ray              Conj           #.....       58%         2    ###....
 Dazzling Spray           Conj/Hex       #.....       82%         3    ####...
 Force Lance              Conj/Tloc      #.......     99%         4    #####..
 Fulminant Prism          Conj/Hex       #.........   99%         4    #####..
 Iskenderun's Mystic Bla  Conj           #.......     99%         4    #####..


Dungeon Overview and Level Annotations

Branches:
Dungeon (2/15)

Altars:


Innate Abilities, Weirdness & Mutations

You are resistant to torment.
Your stone body is resilient. (AC +4)
You are immune to poison.
You resist negative energy. (rN+)
You are resistant to electric shocks. (rElec)
You can survive without breathing.
You are immune to petrification.
You are immune to rotting.


Message History

The ogre struggles against the net.
You barely miss the ogre.
The ogre is moderately wounded.
The ogre struggles against the net.
You catch the helpless ogre completely off-guard!
You hit the ogre.
The ogre is heavily wounded.
The ogre struggles against the net.
You hit the ogre but do no damage.
The ogre is heavily wounded.
The ogre struggles against the net. x2
You thump the ogre!
The ogre is almost dead.
The ogre struggles against the net.
The net rips apart, and the ogre comes free!
You closely miss the ogre.
The ogre is almost dead.
The ogre hits you with a +0 giant club!!
Ouch! That really hurt!
You die...

..# ... ..#.# #.#.#
#.#.# # #.#.#
#.##.#.######
#.....@O.?.(#
####.#.####.#
######....# .##.##
..........###......
#########....#
####.# #.# #.# #.#


You could see an ogre.

Vanquished Creatures
  A scorpion (D:4)
  A howler monkey (D:4)
  An iguana (D:4)
  An adder (D:2)
  A worm (D:2)
  3 dart slugs (D:1)
  3 leopard geckos (D:1)
  A giant cockroach (D:1)
  2 hobgoblins (D:1)
  3 bats (D:1)
  3 frilled lizards (D:1)
  9 goblins
  5 kobolds
  5 rats (D:1)
39 creatures vanquished.

Notes
Turn   | Place    | Note
-------+----------+-------------------------------------------
     0 | D:1      | silenth the Gargoyle Gladiator began the quest for the Orb.
     0 | D:1      | Reached XP level 1. HP: 12/12 MP: 1/1
    55 | D:1      | Reached XP level 2. HP: 17/18 MP: 2/2
   209 | D:1      | Reached XP level 3. HP: 22/22 MP: 3/3
   522 | D:1      | Reached skill level 4 in Maces & Flails
   653 | D:2      | Reached skill level 3 in Fighting
   810 | D:2      | You fall into a shaft and drop 2 floors!
   811 | D:4      | Noticed a scorpion
   826 | D:4      | Killed a scorpion
   826 | D:4      | Reached XP level 4. HP: 24/28 MP: 4/4
   837 | D:4      | Reached XP level 5. HP: 29/33 MP: 5/5
   990 | D:4      | Reached skill level 5 in Maces & Flails
   994 | D:4      | Noticed an ogre
  1009 | D:4      | Mangled by an ogre

Levels and vault maps discovered:
D:1:      eino_arrival_water_star, layout_loops_ring
D:2:      layout_basic, nicolae_gozag_seed_capital,
          nicolae_overflow_crystal_walls, trog_book
D:4:      layout_loops_ring, serial_shops, shop

Skill      XL: |  1  2  3  4  5 |
---------------+----------------+-----
Maces & Flails | 4 5 |  5.1
Fighting       | 3 |  3.8
Throwing       | |  1.7
Dodging        | |  2.4

Action                   |  1- 3 |  4- 6 || total
-------------------------+-------+-------++-------
Melee: Flail             |   151 |    25 ||   176
Throw: Throwing net      |       |     3 ||     3
 Stab: Held in net/web   |       |     1 ||     1
Armor: Leather armour    |    11 |       ||    11
       Troll leather arm |    58 |     4 ||    62
Dodge: Dodged            |   131 |    15 ||   146
